 Dungeon Crawl Stone Soup version 0.29.1-1-gd02db6906a (webtiles) character file.

Game seed: 1069807720994013699

8 Kold the Trooper (level 2, 24/24 HPs)
             Began as a Demonspawn Cinder Acolyte on Oct 19, 2022.
             Was a High Priest of Ignis.
             Quit the game on level 1 of the Dungeon.
             The game lasted 00:00:24 (773 turns).

Kold the Trooper (Demonspawn Cinder Acolyte)         Turns: 773, Time: 00:00:24

Health: 24/24      AC:  2    Str: 14    XL:     2   Next: 0%
Magic:  3/3        EV: 11    Int: 15    God:    Ignis [*****.]
Gold:   13         SH:  0    Dex: 10    Spells: 3/3 levels left

rFire   + . .      SeeInvis .     - Unarmed
rCold   . . .      Faith    .   (no shield)
rNeg    . . .      Spirit   .   a - +0 robe
rPois   .          Reflect  .   (no helmet)
rElec   .          Harm     .   (no cloak)
rCorr   .          Rampage  .   (no gloves)
Will    .....                   (no boots)
Stlth   ++........              (no amulet)
HPRegen 0.08/turn               (no ring)
MPRegen 0.08/turn               (no ring)

@: no status effects
A: thin skeletal structure 1
a: Renounce Religion, Fiery Armour, Foxfire Swarm, Rising Flame


You were on level 1 of the Dungeon.
You worshipped Ignis.
Ignis was extremely pleased with you.
You visited 1 branch of the dungeon, and saw 1 of its levels.

You collected 13 gold pieces.

Inventory:

Armour
 a - a +0 robe (worn)
Scrolls
 b - a scroll of teleportation {unknown}
 d - a scroll of immolation {unknown}
Potions
 c - a potion of ambrosia {unknown}


   Skills:
 + Level 3.1 Fighting
 + Level 2.8 Unarmed Combat
 + Level 1.3 Spellcasting
 + Level 2.8 Fire Magic


You had 3 spell levels left.
You didn't know any spells.
Your spell library contained the following spells:

 Spells                   Type           Power      Damage    Failure   Level
 Scorch                   Fire           18%        2d5       11%         2


Dungeon Overview and Level Annotations

Branches:
Dungeon (1/15)

Altars:


Innate Abilities, Weirdness & Mutations

You have a somewhat thin skeletal structure. (Dex +2, Stealth+)


Message History

You are too injured to fight recklessly!
You are too injured to fight recklessly!
You barely miss the jackal. The jackal bites you.
The jackal bites you but does no damage.
The jackal barely misses you.
You barely miss the jackal. The jackal barely misses you. The jackal bites you.
* * * LOW HITPOINT WARNING * * *
The jackal barely misses you.
You closely miss the jackal. The jackal bites you.
* * * LOW HITPOINT WARNING * * *
The jackal closely misses you.
You hit the jackal.
The jackal is severely wounded.
The jackal completely misses you. The jackal barely misses you.
The jackal completely misses you.
You hit the jackal.
You kill the jackal!
The jackal misses you.
You hit the jackal.
The jackal is lightly wounded.
The jackal barely misses you.
You barely miss the jackal. Your punch misses the jackal.
The jackal is lightly wounded.
The jackal closely misses you.
The jackal bites you but does no damage.
You hit the jackal.
The jackal is severely wounded.
The jackal bites you.
* * * LOW HITPOINT WARNING * * *
You hit the jackal but do no damage.
The jackal is severely wounded.
The jackal barely misses you.
You hit the jackal.
You kill the jackal!
You have reached level 2!
Your demonic ancestry asserts itself...
Your bones become slightly less dense.
Key pressed, stopping explore.
d - a scroll labelled KYOJERIUWO Are you sure you want to abandon this character and quit the game? (Confirm with "yes".)

#.....[..# #........#
#......).###########
##########............#
......................#
#####.............?...#
####.................#
#....................#
#.#####.♣♣.....@.....#
#.# #.♣♣♣♣♣♣........#
#.# ##♣♣♣♣♣♣.♣♣♣.....#
#.# #......♣♣♣ .....#
#.###..♣♣.♣♣.♣ ..####
#.##..♣♣.♣♣♣.♣ ..#
#.##...♣.♣...♣♣ ..#
##....♣.♣....._♣ ..#
...##..♣♣♣.♣♣♣.♣


There were no monsters in sight!

Vanquished Creatures
  3 jackals (D:1)
  A ball python (D:1)
  A bat (D:1)
  A frilled lizard (D:1)
  2 kobolds (D:1)
  A rat (D:1)
9 creatures vanquished.

Notes
Turn   | Place    | Note
-------+----------+-------------------------------------------
     0 | D:1      | Kold the Demonspawn Cinder Acolyte began the quest for the
                  | Orb.
     0 | D:1      | Reached XP level 1. HP: 18/18 MP: 2/2
   291 | D:1      | Found a faded altar of an unknown god.
   524 | D:1      | Gained mutation: You have a somewhat thin skeletal
                  | structure. (Dex +2, Stealth+) [demonic ancestry]
   524 | D:1      | Reached XP level 2. HP: 4/24 MP: 3/3
   773 | D:1      | Quit the game

Illustrated notes

Levels and vault maps discovered:
D:1:      nzn_arrival_crosshair, layout_basic, chequers_ecumenical_altar_grove,
          chequers_arboretum, hangedman_abyss_or_decor_stabs, st_stairs_3,
          chequers_decorated_corner, chequers_serial_rivers_large_b,
          minmay_tetromino_i4

Action                   || total
-------------------------++-------
Melee: Unarmed           ||    40
Armor: Robe              ||     6
Dodge: Dodged            ||    34
